 Dungeon Crawl Stone Soup version 0.18-a0-1203-gbde16db (console) character file.

865 sorlin the Basher (level 7, -3/61 HPs)
             Began as a Purple Draconian Gladiator on Jan 31, 2016.
             Was an Initiate of Okawaru.
             Slain by a gnoll
             ... wielding a +0 spear
              (9 damage)
             ... on level 5 of the Dungeon.
             The game lasted 00:19:42 (5436 turns).

sorlin the Basher (Purple Draconian Gladiator)      Turns: 5436, Time: 00:19:42

Health: -3/61      AC:  6    Str: 22    XL:     7   Next: 72%
Magic:  7/7        EV: 13    Int:  9    God:    Okawaru [......]
Gold:   268        SH:  0    Dex: 13    Spells: 0 memorised, 6 levels left

rFire  . . .     SeeInvis .     a - +0 whip (drain)
rCold  . . .     Gourm    .     (armour unavailable)
rNeg   . . .     Faith    .     (no shield)
rPois  .         Spirit   .     p - +0 hat
rElec  .         Dismiss  .     (no cloak)
rCorr  .         Reflect  .     (no gloves)
SustAt .         Harm     .     (no boots)
MR     +....                    r - amulet of regeneration
Stlth  ++........               (no ring)
                                y - ring of stealth

@: mighty, lethally poisoned (-3 -> -4), somewhat resistant to hostile
enchantments, unstealthy
A: breathe power, unfitting armour, cold-blooded, AC +6
a: Breathe Dispelling Energy, Renounce Religion


You were on level 5 of the Dungeon.
You worshipped Okawaru.
Okawaru was noncommittal.
You were hungry.

You visited 2 branches of the dungeon, and saw 6 of its levels.

You collected 268 gold pieces.

Inventory:

Hand Weapons
 a - a +0 whip of draining (weapon)
 b - a +0 blowgun
 v - a +0 flail
 z - a +0 hunting sling
Missiles
 c - 3 throwing nets
 f - 5 tomahawks
 n - 76 sling bullets
 w - 39 poisoned needles
 A - 4 javelins (quivered)
Armour
 p - a +0 hat (worn)
Jewellery
 r - an amulet of regeneration (around neck)
 y - a ring of stealth (left hand)
Scrolls
 e - 3 scrolls of recharging {unknown}
 g - 4 scrolls of remove curse {unknown}
 i - 2 scrolls of noise {unknown}
 j - 2 scrolls of magic mapping {unknown}
 k - 3 scrolls of enchant armour {unknown}
 m - a scroll of random uselessness {unknown}
 q - 3 scrolls of enchant weapon {unknown}
 s - 2 scrolls of amnesia {unknown}
 t - a scroll of fear
 B - a scroll of fog {unknown}
 D - a scroll of immolation
Potions
 l - a potion of brilliance
 u - a potion of ambrosia
 x - a potion of might
Comestibles
 d - 5 bread rations
 h - 4 beef jerkies
 o - 5 chunks of flesh
 C - 2 meat rations


   Skills:
 + Level 5.1 Fighting
 * Level 8.2 Maces & Flails
 - Level 1.7 Throwing
 - Level 2.6 Dodging


You had 6 spell levels left.
You didn't know any spells.

Dungeon Overview and Level Annotations

Branches:
Dungeon (5/15)             Temple (1/1) D:5

Altars:
Ashenzari
Cheibriados
Elyvilon
Fedhas
Gozag
Makhleb
Nemelex Xobeh
Okawaru
Ru
Sif Muna
Trog
Vehumet
Yredelemnul
Zin


Innate Abilities, Weirdness & Mutations

You can breathe bolts of dispelling energy.
Your rich purple scales are hard (AC +6).
Your body does not fit into most forms of armour.
You are cold-blooded and may be slowed by cold attacks.


Message History

* * * LOW HITPOINT WARNING * * *
The gnoll hits you but does no damage.
You whack the gnoll!
You kill the gnoll!
Okawaru accepts your kill.
You thrash the giant frog zombie!!
You feel sick.
The giant frog zombie completely misses you.
The gnoll hits you but does no damage.
You are feeling hungry.
You hit the giant frog zombie.
You feel sick.
The giant frog zombie hits you but does no damage.
The gnoll closely misses you.
You whack the giant frog zombie! You tail-slap the giant frog zombie.
You destroy the giant frog zombie!
Okawaru accepts your kill. The gnoll barely misses you.
You feel sick. The gnoll hits you with a halberd!
* * * LOW HITPOINT WARNING * * *
The gnoll hits you with a spear!
You die...

..#.#######..#
...(.........#### ##
#.#.########.#... ..
......# #.#.#. .?.
.#.#.# #.#... ...# ...>#
#.#.#. ....# #.#.#
#..... .....# #.#.#
#...#. ......##.#.#
#.#...
......g#)#.########.#.#.
......g@)...........#...
.....###.#.#######..#.#)
... #.#.# #..#... .
#.#.#####........
#.#..........####
#.........###
#.#.####### #.### #.#
#.# #.#


You could see 2 gnolls.

Vanquished Creatures
  An ice beast (D:5)
  A phantom (D:4)
  A water moccasin skeleton (D:3)
  A giant frog zombie (D:5)
  A giant frog skeleton (D:4)
  A hound (D:4)
  An orc priest (D:4)
  A centaur skeleton (D:4)
  2 orc wizards (D:4)
  An iguana (D:4)
  Natasha (thrice) (D:3)
  3 worker ants
  A hound skeleton (D:4)
  The ghost of 4thArraOfDagon the Scratcher, a weakling FeTm (D:3)
  7 gnolls
  5 adders
  2 oozes (D:2)
  An adder skeleton (D:4)
  A worm (D:2)
  A giant gecko (D:3)
  6 orcs
  2 ball pythons
  8 giant cockroaches
  11 goblins
  12 hobgoblins
  11 jackals
  10 kobolds
  2 quokkas
  7 bats
  A giant newt (D:3)
  A quokka skeleton (D:4)
  8 rats
115 creatures vanquished.

Notes
Turn   | Place    | Note
--------------------------------------------------------------
     0 | D:1      | sorlin the Draconian Gladiator began the quest for the Orb.
     0 | D:1      | Reached XP level 1. HP: 17/17 MP: 1/1
   596 | D:1      | Reached XP level 2. HP: 15/24 MP: 2/2
   838 | D:1      | Reached skill level 4 in Maces & Flails
  1250 | D:1      | Reached XP level 3. HP: 29/29 MP: 3/3
  1657 | D:2      | Reached XP level 4. HP: 31/36 MP: 4/4
  1747 | D:2      | Reached skill level 5 in Maces & Flails
  2221 | D:2      | Found an opulent altar of Gozag.
  2302 | D:3      | Noticed Natasha
  2312 | D:3      | Killed Natasha
  2491 | D:3      | Reached XP level 5. HP: 7/42 MP: 5/5
  2958 | D:3      | Noticed Natasha
  2966 | D:3      | Killed Natasha
  3008 | D:3      | Noticed Natasha
  3023 | D:3      | Killed Natasha
  3058 | D:3      | Noticed 4thArraOfDagon's ghost (weakling FeTm)
  3066 | D:3      | Killed 4thArraOfDagon's ghost
  3066 | D:3      | Reached skill level 6 in Maces & Flails
  3074 | D:3      | Reached XP level 6. HP: 41/51 MP: 6/6
  3947 | D:4      | Found a sparkling altar of Nemelex Xobeh.
  4309 | D:4      | Reached skill level 7 in Maces & Flails
  4460 | D:4      | Reached XP level 7. HP: 47/59 MP: 7/7
  4460 | D:4      | Your scales start taking on a rich purple colour.
  4810 | D:5      | Entered Level 5 of the Dungeon
  4823 | D:5      | Found a staircase to the Ecumenical Temple.
  4834 | Temple   | Entered the Ecumenical Temple
  5083 | Temple   | Became a worshipper of Warmaster Okawaru
  5246 | D:5      | Reached skill level 5 in Fighting
  5246 | D:5      | Reached skill level 8 in Maces & Flails
  5436 | D:5      | Slain by a gnoll

Vault maps used:
D:1:      roderic_chinese_lattice_arrival
D:2:      nicolae_gozag_cash_rules_everything_around_me
D:3:      uniq_natasha
D:4:      nemelex_deck
D:5:      minmay_temple_entry_glass, first_bread, grunt_pakellas_sulfur
Temple:   minmay_temple_curvy_14

Action                   |  1- 3 |  4- 6 |  7- 9 || total
-------------------------+-------+-------+-------++-------
Melee: Flail             |   110 |   185 |       ||   295
       Whip              |       |    96 |    87 ||   183
 Fire: Hunting sling     |       |     3 |       ||     3
       Blowgun           |       |     2 |       ||     2
Throw: Throwing net      |     1 |       |       ||     1
       Tomahawk          |     3 |    10 |       ||    13
       Javelin           |       |     5 |     4 ||     9
 Abil: Breathe Dispellin |       |       |     1 ||     1
  Use: Scroll            |     2 |     7 |     1 ||    10
       Potion            |       |       |     1 ||     1
 Stab: Distracted        |     1 |       |       ||     1
       Sleeping          |       |     1 |     1 ||     2
  Eat: Chunk             |     2 |    10 |     1 ||    13
       Pizza             |       |       |     1 ||     1
